 Dungeon Crawl Stone Soup version 0.30.0-15-g856e2d3f33 (webtiles) character file.

Game seed: 3793009561678312117

88 avis the Chopper (level 4, -1/39 HPs)
             Began as a Hill Orc Monk on May 18, 2023.
             Slain by a gnoll
             ... wielding a +0 spear
              (6 damage)
             ... on level 2 of the Dungeon.
             The game lasted 00:07:07 (1845 turns).

avis the Chopper (Hill Orc Monk)                    Turns: 1845, Time: 00:07:08

Health: -1/39      AC:  8    Str: 15    XL:     4   Next: 54%
Magic:  4/4        EV:  7    Int: 10    God:
Gold:   33         SH:  0    Dex: 13    Spells: 3/3 levels left

rFire   . . .        a - +0 hand axe (elec)
rCold   . . .        (no shield)
rNeg    . . .        f - +0 chain mail
rPois   .            (no helmet)
rElec   .            (no cloak)
rCorr   .            (no gloves)
SInv    .            (no boots)
Will    .....        (no amulet) Stlth
                     (no ring)
HPRegen 0.26/turn    (no ring)
MPRegen 0.09/turn

%: no passive effects
@: no status effects
A: no striking features
a: no special abilities


You were on level 2 of the Dungeon.
You visited 1 branch of the dungeon, and saw 2 of its levels.

You collected 33 gold pieces.

Inventory:

Hand Weapons
 a - a +0 hand axe of electrocution (weapon)
 b - a +0 shortbow
 p - a +4 quarterstaff of chaos
 r - a +1 hammer of protection
Missiles
 k - 3 poisoned darts
Armour
 d - an orb of light
 f - a +0 chain mail (worn)
 j - a +0 robe
 m - a +0 plate armour
 q - a +0 cloak
Scrolls
 e - a scroll of fog {unknown}
 g - a scroll of enchant weapon {unknown}
 h - a scroll of noise {unknown}
 n - a scroll of amnesia {unknown}
 o - a scroll of blinking {unknown}
 s - 2 scrolls of enchant armour {unknown}
Potions
 c - a potion of ambrosia
 i - a potion of invisibility {unknown}
 l - a potion of berserk rage {unknown}


   Skills:
 - Level 3.6 Fighting
 * Level 6.9 Axes
 - Level 2.4 Dodging


You had 3 spell levels left.
You didn't know any spells.
Your spell library contained the following spells:

 Spells                   Type           Power      Damage    Failure   Level
 Magic Dart               Conj           0%         1d3       99%         1
 Scorch                   Fire           0%         2d5       100%        2
 Searing Ray              Conj           0%         2d4       100%        2
 Tukima's Dance           Hex            0%         N/A       100%        3
 Flame Wave               Conj/Fire      0%         2d4       100%        4
 Fulminant Prism          Conj/Hex       0%         3d5       100%        4
 Passage of Golubria      Tloc           0%         N/A       100%        4
 Yara's Violent Unravell  Hex/Tmut       0%         3d3       100%        5
 Summon Cactus Giant      Summ           0%         N/A       100%        6


Dungeon Overview and Level Annotations

Branches:
Dungeon (2/15)

Altars:
Sif Muna


Message History

You hit the gnoll.
The gnoll is heavily wounded.
The gnoll hits you with a +0 whip.
You hit the gnoll.
The gnoll is heavily wounded.
The gnoll hits you with a +0 whip!
You hit the gnoll. Lightning courses through the gnoll!!
You kill the gnoll!
You barely miss the gnoll.
The gnoll is moderately wounded.
The gnoll barely misses you.
You barely miss the gnoll.
The gnoll is moderately wounded.
The gnoll hits you with a +0 flail.
You barely miss the gnoll.
The gnoll is moderately wounded.
The gnoll hits you with a +0 flail!
You hit the gnoll. Lightning courses through the gnoll!
You kill the gnoll!
You hit the gnoll but do no damage. The gnoll closely misses you.
The gnoll hits you but does no damage.
You hit the gnoll but do no damage. The gnoll barely misses you.
The gnoll hits you but does no damage.
You hit the gnoll but do no damage. The gnoll barely misses you.
The gnoll hits you but does no damage.
You hit the gnoll.
The gnoll is moderately wounded.
The gnoll closely misses you.
The gnoll hits you from afar with a +0 spear.
You completely miss the gnoll.
The gnoll is moderately wounded.
The gnoll hits you with a +0 flail.
The gnoll hits you from afar with a +0 spear.
* * * LOW HITPOINT WARNING * * *
You hit the gnoll.
The gnoll is heavily wounded.
The gnoll hits you with a +0 flail.
* * * LOW HITPOINT WARNING * * *
The gnoll hits you from afar with a +0 spear.
You die...

######.###.#.# #.#
.............###.#
.....#.....#.#...#####
.....#.<.............#
.....#รท.#..#.#.#####.#
.###.#).#..#.#.# #.#
.....##.#..#.#.#####.#
###..####..#.#.#.....#
##...<.....#.#.#@#####
.#.##.###.##.#.#g#
..........>....#g#
.##.############.#
........# #.# ...####.#
#.# ...# #.# .### #.#
.#


You could see 2 gnolls.

Vanquished Creatures
  Crazy Yiuf (D:2)
  2 gnolls (D:2)
  A worm (D:2)
  5 ball pythons
  5 endoplasms
  3 giant cockroaches (D:1)
  4 goblins
  3 hobgoblins
  2 quokkas (D:1)
  4 bats
  4 frilled lizards
  2 rats
36 creatures vanquished.

Notes
Turn   | Place    | Note
-------+----------+-------------------------------------------
     0 | D:1      | avis the Hill Orc Monk began the quest for the Orb.
     0 | D:1      | Reached XP level 1. HP: 19/19 MP: 1/1
   135 | D:1      | Reached XP level 2. HP: 17/26 MP: 2/2
   307 | D:1      | Reached skill level 5 in Axes
   510 | D:1      | Reached XP level 3. HP: 31/31 MP: 3/3
   852 | D:2      | Found a shimmering blue altar of Sif Muna.
  1219 | D:2      | Found a runed translucent door.
  1220 | D:2      | Noticed Crazy Yiuf
  1228 | D:2      | Killed Crazy Yiuf
  1229 | D:2      | Reached skill level 6 in Axes
  1229 | D:2      | Reached XP level 4. HP: 27/39 MP: 4/4
  1845 | D:2      | Slain by a gnoll

Illustrated notes

Levels and vault maps discovered:
D:1:      ldierk_walled_garden_2, layout_basic, serial_glass, glass_columns_b,
          glass_columns_a, glass_columns_a, glass_columns_a, glass_columns_c,
          glass_columns_c, glass_columns_a, glass_columns_b, glass_columns_b,
          glass_columns_a
D:2:      mumra_celtic_spiral_tile, layout_basic, basic_altar,
          minmay_misc_feat_enclosed, dk_noncrumbling_3, uniq_crazy_yiuf_cottage

Skill      XL: |  1  2  3 |
---------------+----------+-----
Axes           | 5 6 |  6.9
Fighting       | |  3.6
Dodging        | |  2.4

Action                     |  1- 3 |  4- 6 || total
---------------------------+-------+-------++-------
  Melee: Hand axe          |    39 |    23 ||    62
   Fire: Shortbow          |    39 |    13 ||    52
 Armour: Chain mail        |    25 |     8 ||    33
  Dodge: Dodged            |    22 |     8 ||    30
